 Dungeon Crawl Stone Soup version 0.30-a0-335-ge5acde7520 (webtiles) character file.

Game seed: 9003040561876997924

424 koil the Trooper (level 6, -1/66 HPs)
             Began as an Ogre Cinder Acolyte on Oct 31, 2022.
             Was a High Priest of Ignis.
             Slain by a wyvern (15 damage)
             ... on level 4 of the Dungeon.
             The game lasted 00:10:34 (3477 turns).

koil the Trooper (Ogre Cinder Acolyte)              Turns: 3477, Time: 00:10:34

Health: -1/66      AC: 10    Str: 19    XL:     6   Next: 96%
Magic:  0/11       EV:  9    Int: 17    God:    Ignis [*****.]
Gold:   251        SH:  5    Dex:  4    Spells: 9/11 levels left

rFire   + . .      SeeInvis .    a - -1 hand axe (flame)
rCold   . . .      Faith    .    (no shield)
rNeg    . . .      Spirit   .    b - +0 robe
rPois   .          Reflect  +    (helmet restricted)
rElec   .          Harm     .    l - scarf {+Inv}
rCorr   .          Rampage  .    (gloves unavailable)
Will    .....                    (boots unavailable)
Stlth   +.........               d - amulet of reflection
HPRegen 0.31/turn                (no ring)
MPRegen 0.12/turn                (no ring)

@: fiery-armoured
A: large, unfitting armour, tough skin 1
a: Renounce Religion, Evoke Invisibility, Fiery Armour, Foxfire Swarm, Rising
Flame


You were on level 4 of the Dungeon.
You worshipped Ignis.
Ignis was extremely pleased with you.
You visited 1 branch of the dungeon, and saw 4 of its levels.
You also visited: Sewer.

You collected 251 gold pieces.

Inventory:

Hand Weapons
 a - a -1 hand axe of flaming (weapon)
 y - a +4 spear
Missiles
 p - 24 poisoned darts
Armour
 b - a +0 robe (worn)
 l - a scarf of invisibility (worn)
Jewellery
 d - an amulet of reflection (around neck)
Scrolls
 e - 4 scrolls of teleportation {unknown}
 f - 2 scrolls of blinking {unknown}
 g - a scroll of magic mapping {unknown}
 j - a scroll of enchant weapon {unknown}
 k - a scroll of noise {unknown}
 m - 3 scrolls of identify {unknown}
 n - 2 scrolls of amnesia {unknown}
 w - a scroll of immolation {unknown}
Potions
 c - 3 potions of heal wounds {unknown}
 h - a potion of invisibility {unknown}
 i - 2 potions of curing {unknown}
 o - 4 potions of berserk rage {unknown}
 q - 4 potions of haste {unknown}
 r - 3 potions of might {unknown}
 s - 2 potions of resistance {unknown}
 t - a potion of magic {unknown}
 u - a potion of mutation {unknown}
 v - a potion of brilliance {unknown}
 x - a potion of degeneration {unknown}


   Skills:
 + Level 5.6 Fighting
 + Level 4.2 Axes
 + Level 2.5 Dodging
 + Level 3.4 Spellcasting
 + Level 3.9 Fire Magic


You had 9 spell levels left.
You knew the following spells:

 Your Spells              Type           Power      Damage    Failure   Level
a - Scorch                Fire           32%        2d6       4%          2

Your spell library contained the following spells:

 Spells                   Type           Power      Damage    Failure   Level
 Necrotise                Necr           8%         1d4       17%         1
 Sublimation of Blood     Necr           2%         N/A       26%         2
 Wereblood                Tmut           2%         N/A       26%         2
 Vampiric Draining        Necr           2%         2d6       45%         3
 Agony                    Necr           2%         N/A       99%         5
 Summon Hydra             Summ           1%         N/A       100%        7


Dungeon Overview and Level Annotations

Branches:
Dungeon (4/15)              Sewer (visited)
 Temple: D:4-7

Altars:


Innate Abilities, Weirdness & Mutations

You are too large for most types of armour.
You have tough skin. (AC +1)


Message History

The iguana is severely wounded.
You block the iguana's attack.
You closely miss the iguana. You punch the iguana.
The iguana is almost dead.
The iguana completely misses you.
You hit the iguana. You burn the iguana.
The iguana is almost dead.
The iguana bites you.
Your magical contamination has completely faded away.
You hit the iguana. You burn the iguana.
You kill the iguana!
p - 24 poisoned darts (gained 6)
Found a mace.
A wyvern comes into view.
The wyvern bites you!
Flames lash the wyvern.
The wyvern is lightly wounded.
The wyvern's fire resistance burns away.
The wyvern bites you!
Flames lash the wyvern but do no damage.
The wyvern bites you. The wyvern barely misses you.
You are too injured to fight recklessly!
You hit the wyvern. You burn the wyvern.
The wyvern is moderately wounded.
The wyvern bites you!
* * * LOW HITPOINT WARNING * * *
The wyvern bites you.
* * * LOW HITPOINT WARNING * * *
Okay, then.
You aren't carrying any items that you can evoke.
A protective cloak of flame settles atop you.
The wyvern is no longer more vulnerable to fire.
You block the wyvern's attack.
You hit the wyvern. You burn the wyvern.
The wyvern is heavily wounded.
The wyvern barely misses you. The wyvern closely misses you.
You closely miss the wyvern.
The wyvern is heavily wounded.
The wyvern bites you!
You die...

###### #.....# .......##
........######## #####
........##.....#.....#
........#.(....:......
......................
......................
.......#<@l...........
#.....##..............
###### #..........)...
##.............
.#############......#.....#
................##.#######
............#.#.# .#
#..........#.#.# .# .
#............#.#


You could see a wyvern.

Vanquished Creatures
  A kobold brigand (Sewer)
  A necrophage (D:4)
  2 iguanas (D:4)
  3 gnolls (D:4)
  7 adders
  6 river rats
  A worm (D:2)
  3 dart slugs
  An orc (D:3)
  6 endoplasms
  2 giant cockroaches
  7 goblins
  8 hobgoblins
  15 kobolds
  2 quokkas
  8 ball pythons
  5 bats
  14 frilled lizards
  19 rats
111 creatures vanquished.

Notes
Turn   | Place    | Note
-------+----------+-------------------------------------------
     0 | D:1      | koil the Ogre Cinder Acolyte began the quest for the Orb.
     0 | D:1      | Reached XP level 1. HP: 24/24 MP: 2/2
   100 | D:1      | Reached XP level 2. HP: 11/32 MP: 4/4
   103 | D:1      | Learned a level 2 spell: Scorch
   539 | D:1      | Reached XP level 3. HP: 36/40 MP: 5/5
   811 | D:2      | Reached skill level 1 in Dodging
  1022 | D:2      | Found a faded altar of an unknown god.
  1146 | D:2      | Reached XP level 4. HP: 49/49 MP: 7/7
  1661 | D:3      | Found a glowing drain.
  1675 | D:3      | HP: 1/49 [river rat (3)]
  1799 | Sewer    | Entered a sewer
  1973 | Sewer    | Noticed a kobold brigand
  1987 | Sewer    | Killed a kobold brigand
  1988 | Sewer    | Reached skill level 5 in Fighting
  1988 | Sewer    | Reached XP level 5. HP: 32/57 MP: 0/8
  2316 | Sewer    | Reached XP level 6. HP: 34/66 MP: 8/10
  3465 | D:4      | Noticed a wyvern
  3477 | D:4      | Slain by a wyvern

Illustrated notes

Levels and vault maps discovered:
D:1:      saegor_arrival_simple_e, layout_basic, chequers_serial_rivers_micro_d
D:2:      layout_basic, ebering_ecumenical_altar_sacrificial, minmay_lizard_pond
D:3:      layout_rooms, portal_sewer_entry_b
D:4:      layout_rooms, nicolae_overflow_hidden_temple,
          minmay_temple_entry_drinking_statues, minmay_misc_feat_cross,
          chequers_jeans

Skill      XL: |  1  2  3  4  5  6 |
---------------+-------------------+-----
Fire Magic     | 3 |  3.9
Dodging        | 1 2 |  2.5
Spellcasting   | 2 3 |  3.4
Fighting       | 5 |  5.6
Axes           | 4 |  4.2

Action                   |  1- 3 |  4- 6 || total
-------------------------+-------+-------++-------
Melee: Hand axe          |   112 |   186 ||   298
       Punch             |     1 |     1 ||     2
 Cast: Scorch            |     7 |    41 ||    48
Invok: Fiery Armour      |       |     2 ||     2
Armor: Robe              |    36 |    54 ||    90
Dodge: Dodged            |    47 |   110 ||   157
Block: Other             |    12 |    49 ||    61

Table legend: (Time is in decaauts)
 A = Elapsed time spent in this place.
 B = Non-inter-level travel time spent in this place.
 C = Inter-level travel time spent in this place.
 D = Time resting spent in this place.
 E = Time spent auto-exploring this place.
 F = Levels seen in this place.
 G = Mean time per level.
                   A        B        C        D        E       F      G
               +--------+--------+--------+--------+--------+-----+--------+
         Total |   3524 |   3444 |     80 |    499 |   2172 |   5 |  704.8 |
       Dungeon |   2571 |   2491 |     80 |    157 |   1834 |   4 |  642.8 |
         Sewer |    953 |    953 |      0 |    342 |    338 |   1 |  953.0 |
               +--------+--------+--------+--------+--------+-----+--------+

Top non-repeatable levels by time:
   Sewer: 953 daAuts
     D:2: 913 daAuts
     D:1: 715 daAuts
     D:3: 634 daAuts
     D:4: 308 daAuts
